 Dungeon Crawl Stone Soup version 0.24-a0-439-g6dd8730de2 (webtiles) character file.

Game seed: 2728623395635113400

968 Ijustatesigmund the Skirmisher (level 8, -2/88 HPs)
             Began as an Ogre Hunter on June 18, 2019.
             Slain by a wolf (10 damage)
             ... on level 5 of the Dungeon.
             The game lasted 00:16:17 (7037 turns).

Ijustatesigmund the Skirmisher (Ogre Hunter)        Turns: 7037, Time: 00:16:18

Health: -2/88      AC:  6    Str: 18    XL:     8   Next: 16%
Magic:  8/8        EV: 10    Int: 12    God:
Gold:   189        SH:  4    Dex: 10    Spells: 7/7 levels left

rFire    . . .     SeeInvis .   a - +0 mace
rCold    . . .     Gourm    .   (no shield)
rNeg     . . .     Faith    .   p - +1 troll leather armour
rPois    .         Spirit   .   (helmet restricted)
rElec    .         Reflect  +   j - scarf {repulsion}
rCorr    .         Harm     .   (gloves unavailable)
MR       .....                  (boots unavailable)
Stlth    +.........             g - +4 amulet of reflection
HPRegen  0.64/turn              (no ring)
MPRegen  0.11/turn              (no ring)

@: lethally poisoned (-2 -> -5), repel missiles
A: large, unfitting armour, tough skin 1
a: no special abilities


You were on level 5 of the Dungeon.
You were not hungry.

You visited 1 branch of the dungeon, and saw 6 of its levels.

You collected 189 gold pieces.

Inventory:

Hand Weapons
 a - a +0 mace (weapon)
Missiles
 d - a throwing net (quivered)
Armour
 b - a +1 robe of the Archmagi
 j - a scarf of repulsion (worn)
 p - a +1 troll leather armour (worn)
Jewellery
 g - a +4 amulet of reflection (around neck)
Wands
 h - a wand of random effects (33)
 r - a wand of polymorph (8)
Scrolls
 m - a scroll of magic mapping
 t - a scroll of fog
Potions
 e - a potion of curing
 k - 2 potions of brilliance
 l - a potion of lignification {unknown}
 n - a potion of magic {unknown}
 s - a potion of resistance {unknown}
Comestibles
 f - 5 rations
 q - 4 chunks of flesh


   Skills:
 + Level 7.8 Fighting
 + Level 6.3 Maces & Flails
 - Level 4.0 Throwing
 + Level 2.1 Dodging
 - Level 0.6 Stealth


You had 7 spell levels left.
You didn't know any spells.
Your spell library was empty.

Dungeon Overview and Level Annotations

Branches:
Dungeon (6/15)             Temple (0/1) D:5

Altars:
Cheibriados
Dithmenos
Hepliaklqana
Qazlal
Trog
Uskayaw
Wu Jian
Zin

Shops:
D:4 [


Innate Abilities, Weirdness & Mutations

You are too large for most types of armour.
You have tough skin. (AC +1)


Message History

You thump the worm!
The worm is heavily wounded.
You sock the worm!
The worm is almost dead.
Something stings you. x2
* * * LOW HITPOINT WARNING * * *
You are poisoned.
Something poisons you! You block the worm's attack. Something stings you.
* * * LOW HITPOINT WARNING * * *
You are more poisoned.
Something poisons you! The wolf bites you.
* * * LOW HITPOINT WARNING * * *
You feel better. Something stings you!
* * * LOW HITPOINT WARNING * * *
You are poisoned.
Something poisons you! Something stings you.
* * * LOW HITPOINT WARNING * * *
You are more poisoned.
Something poisons you! The wolf bites you!
You die...

..#..>...#...........##
.###........(....(....##
.###..# ##.............#
.##..######............#
##..#...##.............#
......#................#
.##....................#
#########......hw.....##
##.....#@....##
#############


You could see a wolf and a worm.

Vanquished Creatures
  Sigmund (D:4)
  Duvessa (D:5)
  Dowan (D:5)
  A scorpion (D:5)
  A killer bee (D:5)
  A howler monkey (D:4)
  A crimson imp (D:5)
  3 orc priests (D:4)
  2 orc wizards (D:4)
  Jessica (D:2)
  Natasha (thrice) (D:3)
  2 worker ants
  Robin (D:2)
  3 adders
  A shadow imp (D:5)
  2 adder skeletons (D:4)
  2 worms (D:2)
  3 leopard geckos
  9 orcs
  10 bats
  7 giant cockroaches
  19 goblins
  16 hobgoblins
  13 jackals
  A quokka (D:3)
  3 frilled lizards
  8 kobolds
  6 rats
122 creatures vanquished.

Notes
Turn   | Place    | Note
-------+----------+-------------------------------------------
     0 | D:1      | Ijustatesigmund the Ogre Hunter began the quest for the
                  | Orb.
     0 | D:1      | Reached XP level 1. HP: 22/22 MP: 1/1
    24 | D:1      | Reached skill level 3 in Fighting
   238 | D:1      | Reached XP level 2. HP: 31/32 MP: 2/2
   452 | D:1      | Reached skill level 4 in Fighting
  1357 | D:1      | Reached XP level 3. HP: 37/40 MP: 3/3
  1455 | D:2      | Reached skill level 1 in Maces & Flails
  2270 | D:2      | Reached XP level 4. HP: 49/49 MP: 4/4
  2410 | D:2      | Noticed Jessica
  2412 | D:2      | Killed Jessica
  2412 | D:2      | Reached skill level 5 in Fighting
  2609 | D:2      | Noticed Robin
  3172 | D:3      | Reached XP level 5. HP: 43/57 MP: 5/5
  3519 | D:2      | Killed Robin
  3734 | D:3      | Noticed Natasha
  3736 | D:3      | Killed Natasha
  3833 | D:3      | Noticed Natasha
  3850 | D:3      | Killed Natasha
  4176 | D:3      | Found an ornate altar of the Wu Jian Council.
  4176 | D:3      | Found a hazy altar of Hepliaklqana.
  4177 | D:3      | Found a glowing silver altar of Zin.
  4177 | D:3      | Found a hide-covered altar of Uskayaw.
  4178 | D:3      | Found a snail-covered altar of Cheibriados.
  4178 | D:3      | Found a shadowy altar of Dithmenos.
  4179 | D:3      | Found a bloodstained altar of Trog.
  4701 | D:3      | Found a stormy altar of Qazlal.
  4714 | D:3      | Noticed Natasha
  4732 | D:3      | Killed Natasha
  4732 | D:3      | Reached XP level 6. HP: 31/67 MP: 6/6
  4992 | D:4      | Noticed Sigmund
  4996 | D:4      | Killed Sigmund
  4996 | D:4      | Reached skill level 6 in Fighting
  5345 | D:4      | Reached XP level 7. HP: 76/76 MP: 7/7
  5407 | D:4      | Found Xoysang's Antique Armour Shoppe.
  5620 | D:4      | Reached skill level 5 in Maces & Flails
  5906 | D:5      | Entered Level 5 of the Dungeon
  5921 | D:5      | Reached skill level 7 in Fighting
  6079 | D:5      | Noticed Duvessa
  6080 | D:5      | Noticed Dowan
  6091 | D:5      | Killed Duvessa
  6347 | D:5      | Killed Dowan
  6347 | D:5      | Reached XP level 8. HP: 84/87 MP: 8/8
  6656 | D:5      | Found a staircase to the Ecumenical Temple.
  7037 | D:5      | Slain by a wolf

Levels and vault maps discovered:
D:1:      eino_arrival_tree_alley, layout_basic, minmay_pentomino_w4
D:2:      layout_basic, uniq_jessica, uniq_robin
D:3:      layout_basic, grunt_temple_overflow_open,
          nicolae_qazlal_eye_of_the_storm, first_ration, uniq_natasha
D:4:      layout_basic, serial_shops, kennysheep_mini, uniq_sigmund
D:5:      layout_rooms, minmay_temple_entry_wispy, kennysheep_cross_bottleneck,
          uniq_duvessa
D:6:      layout_basic, nicolae_gozag_cash_rules_everything_around_me,
          serial_shops, nicolae_shop_temple_entry_statues_fountains,
          serial_corexii_hall, corexii_hall_statues_x, corexii_hall_statues_i,
          lemuel_tele_altar, uniq_blork_the_orc

Skill      XL: |  1  2  3  4  5  6  7  8 |
---------------+-------------------------+-----
Fighting       | 3 4 5 6 7 |  7.8
Maces & Flails | 1 2 3 4 6 |  6.3
Dodging        | 2 |  2.1
Throwing       | |  4.0
Stealth        | |  0.6

Action                   |  1- 3 |  4- 6 |  7- 9 || total
-------------------------+-------+-------+-------++-------
Melee: Short sword       |    66 |       |       ||    66
       Club              |   104 |   186 |       ||   290
       Whip              |       |    56 |   109 ||   165
       Mace              |       |       |    50 ||    50
Throw: Large rock        |     8 |    17 |    21 ||    46
       Throwing net      |       |       |     2 ||     2
Evoke: Wand              |       |       |     6 ||     6
  Use: Scroll            |     6 |     3 |     6 ||    15
       Potion            |     2 |     1 |     2 ||     5
 Stab: Distracted        |     1 |       |       ||     1
       Sleeping          |       |     1 |       ||     1
  Eat: Chunk             |     3 |    11 |     6 ||    20
Armor: Robe              |    65 |    59 |    27 ||   151
       Troll leather arm |       |       |    13 ||    13
Dodge: Dodged            |   134 |   143 |    87 ||   364
Block: Other             |       |       |    10 ||    10

Table legend:
 A = Non-vault XP
 B = Vault XP
 C = Vault XP percentage of total XP
 D = Non-vault monster count
 E = Vault monster count
 F = Vault count percentage of total count
                 A         B        C        D         E       F
            +---------+---------+-------+---------+---------+-------
      Total |     804 |     580 |  41.9 |     102 |      20 |  16.4
            +---------+---------+-------+---------+---------+-------
        D:1 |      32 |       6 |  15.8 |      17 |       3 |  15.0
        D:2 |      60 |      58 |  49.2 |      24 |       5 |  17.2
        D:3 |     127 |      50 |  28.2 |      27 |       9 |  25.0
        D:4 |     331 |     238 |  41.8 |      17 |       1 |   5.6
        D:5 |     254 |     228 |  47.3 |      17 |       2 |  10.5
            +---------+---------+-------+---------+---------+-------
